 Dungeon Crawl Stone Soup version 0.32-a0-768-g0f6f1dd4b9 (webtiles) character file.

Game seed: 9017265787420234710

7389 dolemite99 the Cleaver (level 11, -7/89 HPs)
             Began as a Coglin Berserker on Mar 18, 2024.
             Was a Believer of Trog.
             Mangled by an ice devil (19 damage)
             ... on level 10 of the Dungeon.
             The game lasted 00:10:41 (12284 turns).

dolemite99 the Cleaver (Coglin Berserker)          Turns: 12284, Time: 00:10:42

Health: -7/89      AC: 17    Str: 22    XL:     11   Next: 14%
Magic:  11/11      EV:  6    Int:  6    God:    Trog [**....]
Gold:   248        SH:  0    Dex: 14    Spells: 10/10 levels left

rFire   . . .        T - +2 flail (drain) {Tae}
rCold   . . .        J - +2 flail (protect) {Chitauli}
rNeg    . . .        w - +0 plate armour
rPois   .            (no helmet)
rElec   .            K - +0 cloak
rCorr   .            X - +1 pair of gloves {infuse}
SInv    .            z - +0 pair of boots
Will    ++...        (amulet unavailable) Stlth
                     (ring unavailable)
HPRegen 1.34/turn    (ring unavailable)
MPRegen 0.12/turn    (no gizmo)

%: infuse magic (1 MP)
@: strong-willed, regenerating
A: off-hand wielding, slow wielding, warmup strikes, no jewellery
a: Invent Gizmo, Renounce Religion, Berserk, Trog's Hand


You were on level 10 of the Dungeon.
You worshipped Trog.
Trog was pleased with you.
You visited 1 branch of the dungeon, and saw 10 of its levels.

You collected 681 gold pieces.
You spent 433 gold pieces at shops.

Inventory:

Hand Weapons
 a - a +0 hand axe {Ulric}
 c - a +0 dagger {Navbir}
 d - a +0 mace {Suni}
 o - a +1 short sword of draining {Namzu}
 x - a +0 whip
 B - a +0 whip of distortion
 C - a +1 whip of venom {Yan}
 F - the +1 morningstar of Offence {venom, rPois rCorr}
   (You found it on level 5 of the Dungeon)

   rPois:     It protects you from poison.
   rCorr:     It protects you from acid and corrosion.
 H - a +0 war axe {Juwon}
 J - a +2 flail of protection (offhand) {Chitauli}
 T - a +2 flail of draining (weapon) {Tae}
 V - the +0 flail of the Eternal Void {flame, +Blink rPois rC+ MP+9}
   (You bought it in a shop on level 3 of the Dungeon)

   rC+:       It protects you from cold.
   rPois:     It protects you from poison.
   MP+9:      It affects your magic capacity (+9).
   +Blink:    It lets you blink.
Missiles
 q - 4 curare-tipped darts
 D - 34 poisoned darts
 U - 2 javelins (quivered)
 W - 11 boomerangs
Armour
 b - a +0 animal skin
 n - a +0 ring mail
 w - a +0 plate armour (worn)
 z - a +0 pair of boots (worn)
 K - a +0 cloak (worn)
 L - a +0 pair of gloves
 X - a +1 pair of gloves of infusion (worn)
Magical Staves
 p - a staff of fire
Jewellery
 e - an amulet of magic regeneration
Wands
 l - a wand of flame (39)
 E - a wand of roots (7)
 Q - a wand of mindburst (14)
 R - a wand of quicksilver (2)
Scrolls
 g - 4 scrolls of fog
 i - 2 scrolls of revelation
 t - 3 scrolls of teleportation
 u - a scroll of blinking {unknown}
 v - 3 scrolls of enchant armour {unknown}
 y - a scroll of identify {@r1}
 I - a scroll of poison
 O - 2 scrolls of immolation {unknown}
 P - a scroll of torment {unknown}
Potions
 f - 2 potions of lignification
 h - 2 potions of resistance
 j - 2 potions of enlightenment
 k - 2 potions of heal wounds
 m - a potion of magic {unknown}
 r - 2 potions of invisibility
 s - 5 potions of curing
 A - a potion of mutation {unknown}
 G - a potion of attraction {unknown}
 M - 2 potions of berserk rage
 N - 3 potions of ambrosia
 S - 2 potions of might {unknown}
 Y - 2 potions of haste {unknown}


   Skills:
 + Level 9.1 Fighting
 - Level 9.4(10.9) Axes
 - Level 8.1(9.8) Maces & Flails
 - Level 6.2 Armour
 - Level 1.7 Dodging
 - Level 4.6 Evocations


You had 10 spell levels left.
You didn't know any spells.
Your spell library was empty.

Dungeon Overview and Level Annotations

Branches:
Dungeon (10/15)            Temple (0/1) D:7            Lair (0/5) D:10
    Orc (0/2) D:10

Altars:
Cheibriados
Dithmenos
Elyvilon
Fedhas
Hepliaklqana
Nemelex Xobeh
Okawaru
Qazlal
Ru
Sif Muna
Trog
Uskayaw
Vehumet
Wu Jian
Yredelemnul

Shops:
D:3 (   D:8 [

Annotations:
D:5 2 transporters
D:8 exclusion: statue, Prince Ribbit


Innate Abilities, Weirdness & Mutations

You can wield a second weapon in your off-hand.
It takes a long time for you to wield or remove held weapons.
Your first few attacks do less damage.
You cannot equip rings or amulets.


Message History

You carefully extract the barbed spikes from your body.
You feel sick.
You start resting.
You feel sick. x2
You are no longer poisoned.
You start resting.
Your skin stops crawling.
You feel less strong-willed.
You start resting.
An ice devil comes into view.
An ice devil is nearby!
An ice devil is nearby!
An ice devil is nearby!
Found a scroll of teleportation.
Found 6 gold pieces and a wand of roots (1).
Your skin crawls.
You feel strong-willed.
Aiming: Mindburst
Press: ? - help, Shift-Dir - straight line, f - ice devil
Aim: an ice devil (chance to affect: 32%)
The ice devil easily resists.
Aiming: Mindburst
Press: ? - help, Shift-Dir - straight line, f/p - ice devil
Aim: an ice devil (chance to affect: 32%)
The ice devil easily resists.
Aiming: Mindburst
Press: ? - help, Shift-Dir - straight line, f/p - ice devil
Aim: an ice devil (chance to affect: 32%)
The ice devil easily resists.
Aiming: Mindburst
Press: ? - help, Shift-Dir - straight line, f/p - ice devil
Aim: an ice devil (chance to affect: 32%)
The ice devil easily resists.
The ice devil hits you. The ice devil freezes you!!
* * * LOW HITPOINT WARNING * * *
Aiming: Mindburst
Press: ? - help, Shift-Dir - straight line, f/p - ice devil
Aim: an ice devil (chance to affect: 32%)
The ice devil's mind is blasted!
The ice devil hits you.
* * * LOW HITPOINT WARNING * * *
The ice devil freezes you!!
You die...

.......≈≈≈≈~~.....~≈~~~≈~........
..†.....≈≈≈≈..>..?.........######
.......~~.~~~...~..≈~~~~~..#
.........≈≈~..~...~~≈~.....#
.........~≈~~~..≈~≈≈≈~~~~.)##
.........~≈≈~≈≈≈~≈~≈≈≈~~....#
.........~..≈~~~~~..~~~.....##
........~...~.$./.........†.[####
................@4...............
......#####.....$.#########$.....
......# ######..# #..#### ......#
#..# #..# ......# #..# #.4# #..#
#..# #..# #..# #..# #..#


You could see an ice devil.

Vanquished Creatures
  A cyclops (D:9)
  An ugly thing (D:10)
  An unseen horror (D:9)
  A kobold demonologist (D:9)
  2 trolls
  A red devil (D:10)
  Sigmund (D:3)
  A shadow (D:8)
  4 yaks (D:9)
  Eustachio (D:5)
  A wraith (D:10)
  A steam dragon (D:8)
  3 sky beasts
  2 orc warriors
  2 water moccasins
  A black bear (D:7)
  6 ogres
  2 wolves (D:10)
  The ghost of Dordric the Slasher, an amateur CoGl (D:3)
  A centaur (D:9)
  Blork the orc (D:4)
  A weeping skull (D:6)
  4 kobold brigands
  3 bullfrogs
  6 scorpions
  3 wights (D:9)
  3 howler monkeys (D:8)
  3 electric eels (D:10)
  3 jellies
  7 orc priests
  A bombardier beetle (D:3)
  Crazy Yiuf (D:5)
  8 hounds
  6 iguanas
  Natasha (thrice) (D:3)
  8 orc wizards
  9 adders
  A shadow imp (D:4)
  A dart slug (D:1)
  3 ribbon worms (D:4)
  37 orcs
  3 ball pythons (D:4)
  7 bats
  6 endoplasms
  6 goblins
  4 hobgoblins
  3 jackals (D:3)
  18 kobolds
  4 quokkas
  4 frilled lizards
  5 rats
  A spectral orc (D:6)
207 creatures vanquished.

Notes
Turn   | Place    | Note
-------+----------+-------------------------------------------
     0 | D:1      | dolemite99 the Coglin Berserker began the quest for the
                  | Orb.
     0 | D:1      | Reached XP level 1. HP: 18/18 MP: 1/1
   304 | D:1      | Reached XP level 2. HP: 24/24 MP: 2/2
   981 | D:2      | Reached XP level 3. HP: 27/29 MP: 3/3
  1397 | D:2      | Found a hide-covered altar of Uskayaw.
  1416 | D:2      | Reached XP level 4. HP: 35/35 MP: 4/4
  1468 | D:3      | Found an ornate altar of the Wu Jian Council.
  1510 | D:3      | Found a faded altar of an unknown god.
  1527 | D:3      | Noticed Natasha
  1529 | D:3      | Killed Natasha
  1530 | D:3      | Reached skill level 5 in Axes
  1543 | D:3      | Reached ** piety under Trog
  1672 | D:3      | Reached XP level 5. HP: 41/41 MP: 5/5
  1690 | D:3      | Noticed Natasha
  1723 | D:3      | Found Imuuf's Antique Weapon Shoppe.
  1790 | D:3      | Killed Natasha
  1903 | D:3      | Noticed Natasha
  1913 | D:3      | Killed Natasha
  1975 | D:3      | Found a runed translucent gate.
  1975 | D:3      | Found a runed translucent gate.
  1975 | D:3      | Found a runed translucent gate.
  1976 | D:3      | Noticed a kobold brigand
  1977 | D:3      | Noticed Dordric's ghost (amateur CoGl)
  2000 | D:3      | Found a faded altar of an unknown god.
  2001 | D:3      | Noticed Sigmund
  2012 | D:3      | Killed Sigmund
  2013 | D:3      | Reached XP level 6. HP: 47/47 MP: 6/6
  2018 | D:3      | Found a blossoming altar of Fedhas.
  2112 | D:3      | Identified the +3 leather armour "Qaogop" {^Drain rN+
                  | Stlth+}
  2166 | D:3      | Found a shadowy altar of Dithmenos.
  2169 | D:3      | Found a sparkling altar of Nemelex Xobeh.
  2239 | D:3      | Killed Dordric's ghost
  2240 | D:3      | Reached XP level 7. HP: 52/52 MP: 7/7
  2512 | D:4      | Noticed Blork the orc
  2828 | D:4      | Killed Blork the orc
  3609 | D:4      | Reached XP level 8. HP: 47/58 MP: 8/8
  4097 | D:5      | Entered Level 5 of the Dungeon
  4108 | D:5      | Reached skill level 1 in Maces & Flails
  4753 | D:5      | Identified the +1 morningstar of Offence {venom, rPois
                  | rCorr}
  4816 | D:5      | Noticed Eustachio
  4825 | D:5      | Killed Eustachio
  4826 | D:5      | Reached skill level 5 in Maces & Flails
  4995 | D:5      | Found a transporter.
  4998 | D:5      | Found a white marble altar of Elyvilon.
  4998 | D:5      | Found a transporter.
  5030 | D:5      | Reached XP level 9. HP: 57/63 MP: 9/9
  5112 | D:5      | Found a hazy altar of Hepliaklqana.
  5205 | D:5      | Found a runed translucent door.
  5206 | D:5      | Noticed Crazy Yiuf
  5214 | D:5      | Killed Crazy Yiuf
  5365 | D:5      | Found a bloodstained altar of Trog.
  5740 | D:6      | Found a stormy altar of Qazlal.
  5794 | D:6      | Found a sacrificial altar of Ru.
  6382 | D:6      | Found a basalt altar of Yredelemnul.
  6978 | D:7      | Reached skill level 1 in Evocations
  6986 | D:7      | Found an iron altar of Okawaru.
  6987 | D:7      | Identified the +1 robe of Magic {Str+4}
  7070 | D:7      | Identified the +7 falchion of Qobugiga {distort, rF-
                  | Will+++ rCorr SInv}
  7913 | D:7      | Found a staircase to the Ecumenical Temple.
  8157 | D:3      | Bought a steaming flail for 246 gold pieces
  8157 | D:3      | Identified the +0 flail of the Eternal Void {flame, +Blink
                  | rPois rC+ MP+9} (You bought it in a shop on level 3 of the
                  | Dungeon)
  8446 | D:8      | Found Xakyprot's Antique Armour Boutique.
  8452 | D:8      | Bought a pair of runed gloves for 187 gold pieces
  8749 | D:8      | Found a radiant altar of Vehumet.
  8858 | D:8      | Found a shimmering blue altar of Sif Muna.
  8907 | D:8      | Noticed Prince Ribbit
  8914 | D:8      | Found a snail-covered altar of Cheibriados.
  9600 | D:8      | Reached XP level 10. HP: 59/71 MP: 7/10
  9960 | D:9      | Noticed a kobold demonologist
 10307 | D:9      | Noticed a rust devil
 10311 | D:9      | Noticed a rust devil
 10570 | D:9      | Killed a kobold demonologist
 10571 | D:9      | Reached skill level 5 in Armour
 10755 | D:9      | Reached skill level 5 in Fighting
 10922 | D:9      | Killed an unseen horror
 11241 | D:9      | Noticed a cyclops
 11255 | D:9      | Killed a cyclops
 11806 | D:10     | Entered Level 10 of the Dungeon
 11806 | D:10     | Found a staircase to the Orcish Mines.
 11947 | D:10     | Noticed a red ugly thing
 11958 | D:10     | Killed a red ugly thing
 11959 | D:10     | Reached XP level 11. HP: 32/86 MP: 6/11
 12092 | D:10     | Found a staircase to the Lair.
 12244 | D:10     | HP: 2/87 [poisoned by a red devil]
 12284 | D:10     | Mangled by an ice devil

Illustrated notes

Levels and vault maps discovered:
D:1:      nicolae_arrival_memento_mori, layout_basic, minmay_pentomino_w2
D:2:      cheibrodos_old_hovel, layout_rooms, basic_altar
D:3:      layout_basic, nicolae_overflow_ecumenical_swirl,
          amcnicky_altar_gilded, minitemple,
          ebering_ecumenical_altar_sacrificial, serial_shops, shop,
          gammafunk_ghost_nasty_kobolds, st_stairs_1, uniq_natasha, uniq_sigmund
D:4:      layout_rooms, uniq_blork_the_orc
D:5:      layout_gridville, trog_butcher_becter, elyvilon_altar_4,
          mainiacjoe_overflow_alcove_2, minmay_chambers_of_fives,
          uniq_eustachio, uniq_crazy_yiuf_cottage
D:6:      layout_basic, yredelemnul_forgotten_temple_becter,
          mainiacjoe_overflow_tiny_flanked, mainiacjoe_overflow_six_doors_small
D:7:      layout_basic, okawaru_ov_weapons_minmay,
          minmay_temple_entry_offerings, grunt_ministairs_8
D:8:      layout_loops_corners, lemuel_tele_altar, vehumet_statue,
          lemuel_doored_altar, serial_shops, shop, blue_anna_alchemist,
          uniq_prince_ribbit1
D:9:      layout_rooms, chequers_serial_rivers_micro_c,
          kb_lookout_dungeons_type, minmay_starry_boxes
D:10:     layout_long_grid, zin_angel, erik_lair_island, serial_shops,
          nicolae_shop_behind_doors, serial_demonic, serial_demonic_g,
          serial_demonic_b, serial_demonic_b, serial_demonic_f

Skill      XL: |  1  2  3  4  5  6  7  8  9 10 11 |
---------------+----------------------------------+-----
Axes           | 4 5 7 9 |  9.4
Maces & Flails | 6 8 |  8.1
Evocations     | 4 |  4.6
Fighting       | 4 8 9 |  9.1
Armour         | 3 6 |  6.2
Dodging        | |  1.7

Action                     |  1- 3 |  4- 6 |  7- 9 | 10-12 || total
---------------------------+-------+-------+-------+-------++-------
  Melee: Hand axe          |    47 |    87 |   117 |       ||   251
         Mace              |    15 |       |       |       ||    15
         Dagger            |     3 |       |       |       ||     3
         Short sword       |    26 |     1 |       |       ||    27
         Whip              |       |       |   111 |       ||   111
         War axe           |       |       |    86 |       ||    86
         Morningstar       |       |       |    77 |       ||    77
         Flail             |       |       |    57 |   178 ||   235
  Throw: Javelin           |       |    14 |    34 |     6 ||    54
 Invoke: Berserk           |       |     3 |     8 |     2 ||    13
         Trog's Hand       |       |     2 |    12 |     5 ||    19
  Evoke: Wand              |       |       |       |    28 ||    28
    Use: Scroll            |       |       |    14 |     2 ||    16
         Potion            |       |       |       |     3 ||     3
   Stab: Sleeping          |     1 |       |       |       ||     1
 Armour: Animal skin       |    34 |       |       |       ||    34
         Ring mail         |     3 |       |       |       ||     3
         Plate armour      |       |    75 |   253 |   168 ||   496
  Dodge: Dodged            |    36 |    33 |    53 |    41 ||   163

Table legend: (Time is in decaauts)
 A = Elapsed time spent in this place.
 B = Non-inter-level travel time spent in this place.
 C = Inter-level travel time spent in this place.
 D = Time resting spent in this place.
 E = Time spent auto-exploring this place.
 F = Levels seen in this place.
 G = Mean time per level.
                   A        B        C        D        E       F      G
               +--------+--------+--------+--------+--------+-----+--------+
         Total |  12461 |  11963 |    498 |   4796 |   5282 |  10 | 1246.1 |
       Dungeon |  12461 |  11963 |    498 |   4796 |   5282 |  10 | 1246.1 |
               +--------+--------+--------+--------+--------+-----+--------+

Top non-repeatable levels by time:
     D:8: 2290 daAuts
     D:3: 1604 daAuts
     D:6: 1494 daAuts
     D:5: 1315 daAuts
     D:7: 1301 daAuts
     D:9: 1285 daAuts
     D:4: 1232 daAuts
     D:1: 972 daAuts
     D:2: 483 daAuts
    D:10: 481 daAuts
